 Dungeon Crawl Stone Soup version 0.26-a0-708-g17f3b190f9 (webtiles) character file.

Game seed: 17933575162065820825

182838 zazu2006 the Unseen (level 18, -8/165 HPs)
             Began as a Naga Hedge Wizard on Oct 29, 2020.
             Was a High Priest of Vehumet.
             Killed by the raging water
             ... invoked by a water nymph
              (27 damage)
             ... on level 1 of the Shoals on Oct 30, 2020.
             The game lasted 02:06:32 (55113 turns).

zazu2006 the Unseen (Naga Hedge Wizard)            Turns: 55113, Time: 02:06:33

Health: -8/165     AC: 17    Str: 22    XL:     18   Next: 35%
Magic:  32/35      EV: 14    Int: 24    God:    Vehumet [*****.]
Gold:   1264       SH:  5    Dex: 12    Spells: 13/44 levels left

rFire    . . .     SeeInvis +   R - +1 demon blade (flame)
rCold    . . .     Faith    .   K - +0 buckler {AC+3}
rNeg     . . .     Spirit   .   B - +0 steam dragon scales
rPois    +         Reflect  .   l - +0 helmet
rElec    .         Harm     .   u - +1 cloak {MR+}
rCorr    .         Rampage  .   P - +1 pair of gloves
MR       +++..                  (no barding)
Stlth    ++++++....             (no amulet)
HPRegen  0.37/turn              C - +6 ring of intelligence
MPRegen  0.24/turn              Z - +6 ring of strength

@: studying Fighting, very slow
A: large, see invisible, deformed body, poison resistance, slowness 2, spit
poison 1, constrict 1, AC +6
a: Spit Poison, Renounce Religion


You were on level 1 of the Shoals.
You worshipped Vehumet.
Vehumet was extremely pleased with you.
You visited 7 branches of the dungeon, and saw 31 of its levels.
You also visited: Volcano.

You collected 3140 gold pieces.
You spent 1876 gold pieces at shops.

Inventory:

Hand Weapons
 R - a +1 demon blade of flaming (weapon)
Armour
 l - a +0 helmet (worn)
 o - a +2 ring mail of cold resistance
 u - a +1 cloak of magic resistance (worn)
 B - +0 steam dragon scales (worn)
 K - a +0 buckler of protection (worn)
 P - a +1 pair of gloves (worn)
Jewellery
 d - an uncursed ring of ice
 m - an uncursed ring of resist corrosion
 n - a +4 ring of evasion
 p - an uncursed ring of protection from fire
 C - a +6 ring of intelligence (left hand)
 H - an uncursed amulet of the acrobat
 L - an uncursed ring of ice
 T - a +6 ring of intelligence
 Z - a +6 ring of strength (right hand)
Wands
 f - a wand of polymorph (34)
 z - a wand of disintegration (20)
 A - a wand of iceblast (24)
 D - a wand of enslavement (3)
 G - a wand of digging (9)
 J - a wand of acid (8)
 N - a wand of flame (39)
Scrolls
 c - 5 scrolls of noise
 h - 12 scrolls of remove curse
 i - 12 scrolls of identify
 j - 5 scrolls of fog
 k - 7 scrolls of blinking
 q - 4 scrolls of teleportation
 s - 6 scrolls of fear
 y - 3 scrolls of enchant weapon
 E - a scroll of holy word
 M - a scroll of amnesia
 V - 4 scrolls of magic mapping
Potions
 a - 6 potions of magic
 e - 2 potions of haste
 g - 2 potions of curing
 r - 5 potions of lignification
 t - 2 potions of stabbing
 v - 6 potions of ambrosia
 w - a potion of mutation
 x - 5 potions of flight
 F - 3 potions of invisibility
 I - a potion of heal wounds
 O - 2 potions of resistance
 Q - a potion of cancellation
 S - 3 potions of brilliance
Books
 b - a manual of Fighting


   Skills:
 + Level 11.3 Fighting
 - Level 14.0 Long Blades
 + Level 4.0 Armour
 + Level 9.0 Dodging
 + Level 17.0 Stealth
 + Level 7.1 Shields
 * Level 13.8 Spellcasting
 + Level 8.7 Conjurations
 + Level 0.1 Hexes
   Level 1.0 Summonings
 + Level 4.2 Translocations
 + Level 1.9 Fire Magic
 + Level 8.3 Air Magic
 + Level 0.8 Earth Magic
 + Level 10.4 Poison Magic
 + Level 0.9 Evocations


You had 13 spell levels left.
You knew the following spells:

 Your Spells              Type           Power        Failure   Level
a - Magic Dart            Conj           ####         1%          1
b - Mephitic Cloud        Conj/Pois/Air  ######..     1%          3
c - Conjure Flame         Conj/Fire      #####...     1%          3
d - Blink                 Tloc           N/A          1%          2
e - Dazzling Flash        Conj/Hex       #####.       1%          3
f - Bolt of Magma         Conj/Fire/Erth #####.....   5%          5
g - Airstrike             Air            ######....   1%          4
h - Iskenderun's Mystic   Conj/Tloc      #####...     1%          4
i - Starburst             Conj/Fire      #####.....   16%         6

Your spell library contained the following spells:

 Spells                   Type           Power        Failure   Level
 Chain Lightning          Conj/Air       ######....   83%         8
 Lehudib's Crystal Spear  Conj/Erth      #####.....   99%         8
 Tornado                  Air            ######....   100%        9
 Searing Ray              Conj           ######       1%          2
 Gell's Gravitas          Tloc           #####.....   1%          3
 Inner Flame              Hex/Fire       ###.....     1%          3
 Lesser Beckoning         Tloc           #####.....   1%          3
 Teleport Other           Tloc           #####...     1%          3
 Fulminant Prism          Conj/Hex       #####.....   1%          4
 Iskenderun's Battlesphe  Conj           ######..     1%          5
 Animate Skeleton         Necr           ###...       3%          1
 Corona                   Hex            ###....      3%          1
 Pain                     Necr           ###.         3%          1
 Call Imp                 Summ           ###.....     3%          2
 Portal Projectile        Hex/Tloc       ####..       4%          3
 Ensorcelled Hibernation  Hex/Ice        ###...       5%          2
 Slow                     Hex            ###.....     5%          2
 Passage of Golubria      Tloc           N/A          6%          4
 Confusing Touch          Hex            ###.....     11%         3
 Tukima's Dance           Hex            ###.....     11%         3
 Vampiric Draining        Necr           ###.......   11%         3
 Iron Shot                Conj/Erth      #####.....   21%         6
 Orb of Destruction       Conj           ######....   21%         7
 Leda's Liquefaction      Hex/Erth       ###.......   30%         4
 Animate Dead             Necr           ###.......   34%         4
 Cause Fear               Hex            ###.......   34%         4
 Spellforged Servitor     Conj/Summ      #####.....   67%         7
 Agony                    Necr           ###.....     69%         5
 Statue Form              Tmut/Erth      ###......    99%         6
 Shatter                  Erth           ###.......   100%        9


Dungeon Overview and Level Annotations

Branches:
Dungeon (15/15)            Temple (1/1) D:7            Lair (6/6) D:9
 Shoals (1/4) Lair:3       Spider (4/4) Lair:3        Slime (0/5) Lair:6
    Orc (2/2) D:12            Elf (2/3) Orc:2        Vaults (0/5) D:14
 Depths (0/5) D:15        Volcano (visited)

Altars:
Ashenzari
Cheibriados
Dithmenos
Elyvilon
Fedhas
Gozag
Hepliaklqana
Kikubaaqudgha
Makhleb
Nemelex Xobeh
Okawaru
Qazlal
Ru
Sif Muna
Trog
Uskayaw
Vehumet
Wu Jian
Xom
Yredelemnul
Zin
The Shining One
Beogh
Jiyva

Shops:
D:13 (   Orc:2 (([(   Elf:2 *:

Annotations:
D:7 1 runed translucent door, dongler's ghost, novice DECj
Spider:3 2 transporters, Oxemneri's ghost, adept OgTm
Elf:2 4 runed translucent doors, exclusion: obsidian statue, Qiokh's ghost, veteran MiBe


Innate Abilities, Weirdness & Mutations

You cannot wear boots.
Your serpentine skin is tough. (AC +6)
You have supernaturally acute eyesight. (SInv)
Armour fits poorly on your strangely shaped body.
Your system is resistant to poisons. (rPois)
You cover ground very slowly.
You can spit poison.
You can use your snake-like lower body to constrict enemies.


Message History

Splash!
You fall into the shallow water.
Moving in this stuff is going to be slow.
A centaur comes into view.
The centaur shouts!
The centaur wields a +0 shortbow.
The centaur shoots an arrow.
You block the arrow.
You hear a splash.
A snapping turtle comes into view.
You feel a bit more experienced.
A water nymph comes into view.
Found an arrow and 12 gold pieces.
Found an escape hatch in the floor.
Unknown command.
Unknown command.
You feel better.
The centaur shoots an arrow.
The arrow hits you!
* * * LOW HITPOINT WARNING * * *
You hear a splash.
The water nymph points at you and mumbles some strange words.
The water swirls and strikes you!!
You die...

≈≈ ≈...# #..
.≈..####. #...
##........
....##..>......
.........≈.....
.......≈≈≈≈..≈≈
.....≈≈≈≈≈m≈≈≈≈
≈≈...≈≈@≈≈c≈≈≈≈
≈≈≈.≈≈≈≈≈≈≈≈≈≈≈
≈≈≈≈≈≈≈≈≈≈≈≈≈≈≈
≈≈≈≈≈≈≈≈≈≈≈≈≈≈≈
≈≈......≈≈≈≈≈≈≈
≈≈......≈≈≈≈≈≈≈
.≈..t...≈≈≈≈≈≈≈
...$...≈≈≈.≈≈≈≈


You could see a snapping turtle, a water nymph and a centaur.

Vanquished Creatures
  Mara (Spider:3)
  Nikola (Spider:1)
  Arachne (Spider:3)
  Jorgrun (D:13)
  Rupert (Orc:2)
  Kirke (Spider:1)
  Frances (Spider:1)
  Agnes (D:15)
  Roxanne (D:15)
  An orc warlord (Orc:2)
  An emperor scorpion (Spider:3)
  Louise (Spider:1)
  Aizul (Spider:1)
  2 ghost moths (Spider:3)
  Nessos (Lair:6)
  Azrael (D:14)
  2 spark wasps (Spider:3)
  Snorg (Lair:3)
  A fire dragon (Lair:6)
  2 deep elf death magi
  A merfolk impaler (Shoals:1)
  A great orb of eyes (shapeshifter) (D:13)
  8 hydras
  Erolcha (Orc:1)
  Fannar (Lair:2)
  4 vault guards
  A centaur warrior (D:13)
  5 boulder beetles
  An ogre mage (D:15)
  5 death yaks (Lair:6)
  A catoblepas (D:14)
  9 two-headed ogres
  10 dancing weapons
  An orc high priest (Orc:2)
  3 tengu warriors (D:14)
  Urug (Lair:4)
  Sonja (D:11)
  8 deep elf knights
  A fire crab (shapeshifter) (Elf:1)
  A hell knight (Volcano)
  A salamander mystic (Volcano)
  A wizard (D:15)
  3 unseen horrors
  Pikel (D:7)
  3 orc knights
  A lindwurm (Lair:6)
  6 deep elf archers
  2 orc sorcerers
  A necromancer (D:15)
  25 deep elf magi
  15 orb spiders
  3 cyclopes (D:13)
  12 ugly things
  23 wolf spiders
  4 salamanders (Volcano)
  2 moths of wrath
  11 elephants (Lair:6)
  5 manticores
  9 black mambas
  3 molten gargoyles (Lair:6)
  2 gargoyles
  A torpor snail (Spider:3)
  2 centaur skeletons (D:15)
  Joseph (D:7)
  10 cane toads
  Maggie (D:7)
  4 kobold demonologists
  7 demonic crawlers
  17 komodo dragons
  3 rime drakes (Lair:6)
  A freezing wraith (D:14)
  A tengu conjurer (D:14)
  4 trolls
  A polar bear (Lair:5)
  A queen bee (Lair:3)
  23 jumping spiders
  Grinder (D:6)
  4 slime creatures (D:15)
  14 blink frogs
  A snapping turtle (Shoals:1)
  6 hornets
  6 dream sheep (Lair:6)
  A centaur simulacrum (D:15)
  56 redbacks
  19 tarantellas
  4 wyverns
  A vampire (D:14)
  3 wraiths
  2 shadows
  21 yaks
  2 fire elementals (D:14)
  4 fire bats (D:13)
  A water elemental (Elf:1)
  8 basilisks
  3 steam dragons (Lair:6)
  6 hogs (Spider:1)
  10 vampire mosquitoes
  4 wargs
  10 hell hounds
  2 soldier ants
  18 water moccasins
  Duvessa (D:6)
  A hornet zombie (D:9)
  6 ice beasts
  3 sky beasts
  3 eyes of draining
  48 orc warriors
  16 ogres
  2 black bears
  A phantom (D:14)
  6 wolves (Lair:1)
  16 centaurs
  2 lemures (D:7)
  13 bullfrogs
  3 big kobolds
  A wyvern zombie (D:13)
  A water moccasin zombie (D:9)
  Dowan (D:6)
  4 scorpions
  17 killer bees
  A vampire bat (D:6)
  34 wights
  7 howler monkeys
  2 bullfrog zombies
  6 centaur zombies
  Crazy Yiuf (D:7)
  7 lava snakes
  8 jellies
  A quasit (D:9)
  20 orc priests
  3 bullfrog skeletons
  9 hounds
  37 orc wizards
  4 iguanas
  Ijyb (D:3)
  8 worker ants
  2 hound skeletons
  A worker ant zombie (D:9)
  21 adders
  7 gnolls
  3 shadow imps
  2 white imps (D:9)
  3 ufetubi
  An ooze (D:3)
  2 adder skeletons
  6 worms
  4 dart slugs
  5 leopard geckos
  121 orcs
  6 ball pythons
  3 bat skeletons (D:6)
  3 bat zombies (D:6)
  2 giant cockroaches
  4 hobgoblins
  5 jackals
  15 kobolds
  6 quokkas
  9 bats
  6 goblins
  2 quokka skeletons
  5 rats
  3 fire vortices (D:13)
1045 creatures vanquished.

Vanquished Creatures (collateral kills)
  2 jumping spiders (Spider:2)
  3 redbacks
  A hog (Spider:1)
  2 killer bees (Lair:3)
8 creatures vanquished.

Vanquished Creatures (others)
  2 deep elf knights
  An orb spider (Spider:2)
  A centaur zombie (D:14)
  A water elemental (Shoals:1)
  A wyvern skeleton (D:14)
  An orc (D:10)
  A bush (Lair:6)
  42 fungi
  92 plants
142 creatures vanquished.

Grand Total: 1195 creatures vanquished

Notes
Turn   | Place    | Note
-------+----------+-------------------------------------------
     0 | D:1      | zazu2006 the Naga Hedge Wizard began the quest for the Orb.
     0 | D:1      | Reached XP level 1. HP: 15/15 MP: 4/4
   351 | D:1      | Reached XP level 2. HP: 22/22 MP: 1/6
   707 | D:1      | You fall into a shaft and drop 1 floor!
   942 | D:2      | Reached XP level 3. HP: 28/28 MP: 4/8
   947 | D:2      | Learned a level 3 spell: Mephitic Cloud
   951 | D:2      | Learned a level 3 spell: Conjure Flame
   954 | D:2      | Learned a level 2 spell: Blink
  1761 | D:2      | Reached XP level 4. HP: 36/36 MP: 6/10
  1920 | D:2      | Reached skill level 4 in Stealth
  1948 | D:2      | You fall into a shaft and drop 2 floors!
  1954 | D:4      | Reached skill level 1 in Poison Magic
  2252 | D:3      | Noticed Ijyb
  2254 | D:3      | Paralysed by Ijyb for 5 turns
  2385 | D:3      | Paralysed by Ijyb for 3 turns
  2390 | D:3      | Paralysed by Ijyb for 4 turns
  2399 | D:3      | Killed Ijyb
  2399 | D:3      | Reached XP level 5. HP: 13/42 MP: 2/11
  3005 | D:3      | HP: 2/43 [orc/+0 short sword (5)]
  3391 | D:3      | Reached XP level 6. HP: 50/50 MP: 9/12
  4862 | D:4      | Noticed an ice beast
  4868 | D:4      | Reached skill level 1 in Fighting
  4872 | D:4      | HP: 1/51 [ogre/+0 giant club (17)]
  5350 | D:4      | Reached skill level 1 in Armour
  5355 | D:4      | Reached skill level 5 in Stealth
  5355 | D:4      | Reached XP level 7. HP: 24/57 MP: 3/13
  5769 | D:4      | Reached skill level 1 in Air Magic
  6114 | D:4      | Reached skill level 5 in Spellcasting
  6346 | D:4      | Found a broken altar of Ashenzari.
  6646 | D:4      | Found a sacrificial altar of Ru.
  6695 | D:5      | Entered Level 5 of the Dungeon
  6732 | D:5      | Reached XP level 8. HP: 55/64 MP: 9/15
  7130 | D:5      | Found a glowing golden altar of the Shining One.
  7520 | D:5      | Found a bloodstained altar of Trog.
  7819 | D:6      | Reached skill level 5 in Poison Magic
  7925 | D:6      | Noticed Dowan
  7950 | D:6      | Noticed Duvessa
  7954 | D:6      | Killed Dowan
  7980 | D:6      | Killed Duvessa
  8415 | D:6      | Found an ancient bone altar of Kikubaaqudgha.
  8538 | D:6      | Noticed Grinder
  8549 | D:6      | Killed Grinder
  8549 | D:6      | Reached skill level 1 in Long Blades
  8549 | D:6      | Reached skill level 6 in Stealth
  8549 | D:6      | Reached XP level 9. HP: 40/73 MP: 15/17
  8937 | D:6      | Found a hazy altar of Hepliaklqana.
  9301 | D:6      | Found a shimmering altar of Xom.
  9368 | D:7      | Found a runed translucent door.
  9374 | D:7      | Found a shimmering altar of Xom.
  9374 | D:7      | Noticed dongler's ghost (novice DECj)
  9376 | D:7      | Noticed a +1 short sword of chaos
  9379 | D:7      | Found a staircase to the Ecumenical Temple.
  9589 | D:7      | Found an opulent altar of Gozag.
  9727 | D:7      | Found a runed translucent door.
  9728 | D:7      | Noticed Crazy Yiuf
  9840 | D:7      | Noticed Joseph
  9877 | D:7      | Killed Joseph
 10033 | D:7      | Noticed Maggie
 10066 | D:7      | Killed Maggie
 10267 | D:7      | Noticed Pikel
 10330 | D:7      | Killed Pikel
 10330 | D:7      | Reached XP level 10. HP: 33/81 MP: 14/19
 10637 | D:7      | Found a shadowy altar of Dithmenos.
 10804 | D:7      | Killed Crazy Yiuf
 10804 | D:7      | Reached skill level 7 in Stealth
 11318 | D:8      | Noticed a two-headed ogre
 11358 | D:8      | Killed a two-headed ogre
 11358 | D:8      | Reached skill level 5 in Long Blades
 11358 | D:8      | Reached skill level 5 in Conjurations
 11576 | D:8      | Found a basalt altar of Yredelemnul.
 12968 | D:9      | Found a staircase to the Lair.
 13189 | D:9      | Found a white marble altar of Elyvilon.
 13330 | D:9      | Found a glowing silver altar of Zin.
 13713 | D:9      | Reached skill level 1 in Shields
 13765 | Temple   | Entered the Ecumenical Temple
 13804 | Temple   | Became a worshipper of Vehumet
 14129 | D:9      | Reached skill level 8 in Stealth
 14172 | D:10     | Entered Level 10 of the Dungeon
 14253 | D:10     | Reached XP level 11. HP: 72/92 MP: 20/20
 14609 | D:10     | Reached * piety under Vehumet
 14609 | D:10     | Offered knowledge of Freeze by Vehumet.
 14821 | D:10     | Noticed an unseen horror
 14941 | D:10     | Killed an unseen horror
 15818 | D:11     | Noticed a seven-headed hydra
 15861 | Lair:1   | Entered Level 1 of the Lair of Beasts
 17094 | Lair:2   | Noticed Fannar
 17135 | Lair:2   | Killed Fannar
 17614 | Lair:2   | Reached skill level 9 in Stealth
 18597 | Lair:2   | Noticed a four-headed hydra
 18607 | Lair:2   | Killed a four-headed hydra
 18607 | Lair:2   | Reached skill level 5 in Fighting
 18607 | Lair:2   | Reached skill level 5 in Dodging
 18730 | Lair:3   | Noticed Snorg
 18744 | Lair:3   | Found a dark tunnel.
 18757 | Lair:3   | Killed Snorg
 18757 | Lair:3   | Reached XP level 12. HP: 26/103 MP: 9/23
 18784 | Volcano  | Entered a volcano
 19173 | Volcano  | HP: 1/103 [salamander/+0 trident (7)]
 19632 | Lair:3   | Reached ** piety under Vehumet
 19801 | Lair:3   | Offered knowledge of Shock by Vehumet.
 19836 | Lair:3   | Found a staircase to the Shoals.
 19944 | Lair:3   | Reached skill level 10 in Stealth
 19960 | Lair:3   | Noticed a six-headed hydra
 19962 | Lair:3   | Noticed a six-headed hydra
 19977 | Lair:3   | Killed a three-headed hydra
 19988 | Lair:3   | Killed a five-headed hydra
 20022 | Lair:3   | Reached skill level 5 in Shields
 20502 | Lair:3   | Offered knowledge of Dazzling Flash by Vehumet.
 20520 | Lair:3   | Reached *** piety under Vehumet
 20552 | Lair:3   | Learned a level 3 spell: Dazzling Flash
 20812 | Lair:3   | Found a hole to the Spider Nest.
 20816 | Lair:3   | Noticed a four-headed hydra
 20826 | Lair:3   | Killed a one-headed hydra
 21254 | Lair:4   | Reached skill level 10 in Long Blades
 21425 | Lair:4   | Gained mutation: You can use your snake-like lower body to
                  | constrict enemies. [Naga growth]
 21425 | Lair:4   | Reached XP level 13. HP: 79/111 MP: 20/24
 21432 | Lair:4   | Offered knowledge of Frozen Ramparts by Vehumet.
 21617 | Lair:4   | Noticed Urug
 21640 | Lair:4   | Killed Urug
 21640 | Lair:4   | Reached skill level 11 in Stealth
 22186 | Lair:4   | Learned a level 5 spell: Bolt of Magma
 23115 | Lair:5   | Reached **** piety under Vehumet
 23418 | Lair:5   | Offered knowledge of Airstrike by Vehumet.
 23432 | Lair:5   | Learned a level 4 spell: Airstrike
 23884 | Lair:6   | Entered Level 6 of the Lair of Beasts
 25219 | Lair:6   | Reached skill level 1 in Fire Magic
 25593 | Lair:6   | Reached skill level 12 in Stealth
 25924 | Lair:5   | Reached XP level 14. HP: 114/123 MP: 26/26
 25942 | Lair:5   | Reached ***** piety under Vehumet
 26124 | Lair:6   | Found a staircase to the Slime Pits.
 26125 | Lair:6   | Found a viscous altar of Jiyva.
 26134 | Lair:6   | Offered knowledge of Freezing Cloud by Vehumet.
 26807 | Lair:6   | HP: 6/123 [poisoned by a black mamba]
 26813 | Lair:6   | HP: 5/123 [poisoned by a black mamba]
 26821 | Lair:6   | HP: 5/123 [poisoned by a black mamba]
 26827 | Lair:6   | HP: 6/123 [poisoned by a black mamba]
 27615 | D:11     | Noticed Sonja
 27624 | D:11     | Killed Sonja
 27670 | D:11     | Learned a level 4 spell: Iskenderun's Mystic Blast
 27682 | D:11     | You fall into a shaft and drop 3 floors!
 28462 | D:13     | Found Wotu's Weapon Shoppe.
 30079 | D:12     | Found a staircase to the Orcish Mines.
 30281 | D:12     | Found a roughly hewn altar of Beogh.
 30432 | D:12     | Reached ****** piety under Vehumet
 30717 | D:12     | Offered knowledge of Yara's Violent Unravelling by Vehumet.
 30905 | D:13     | Reached skill level 5 in Air Magic
 31829 | Lair:6   | Reached XP level 15. HP: 110/132 MP: 24/28
 32155 | Lair:6   | Noticed Nessos
 32294 | Lair:6   | Found a large runed translucent door.
 32295 | Lair:6   | Found a large runed translucent door.
 32764 | Orc:1    | Entered Level 1 of the Orcish Mines
 32775 | Orc:1    | Noticed Erolcha
 32999 | Orc:1    | Killed Erolcha
 33525 | Orc:2    | Entered Level 2 of the Orcish Mines
 33651 | Orc:2    | Offered knowledge of Starburst by Vehumet.
 33662 | Orc:2    | Learned a level 6 spell: Starburst
 33756 | Orc:2    | Found a roughly hewn altar of Beogh.
 33757 | Orc:2    | Found Xuenosis's Antique Weapon Boutique.
 34027 | Orc:2    | Found a roughly hewn altar of Beogh.
 34251 | Orc:2    | Noticed an orc warlord
 34388 | Orc:2    | Killed an orc warlord
 34529 | Orc:2    | Found Juqig's Antique Weapon Shop.
 34562 | Orc:2    | Found a roughly hewn altar of Beogh.
 34565 | Orc:2    | Found Duajid's Antique Armour Boutique.
 34593 | Orc:2    | Found a roughly hewn altar of Beogh.
 34798 | Orc:2    | Found a roughly hewn altar of Beogh.
 34962 | Orc:2    | Found a staircase to the Elven Halls.
 34964 | Orc:2    | Noticed Rupert
 34988 | Orc:2    | Killed Rupert
 34988 | Orc:2    | Reached skill level 13 in Stealth
 35125 | Orc:2    | Found a roughly hewn altar of Beogh.
 35197 | Orc:2    | Found a roughly hewn altar of Beogh.
 35202 | Orc:2    | Found Daumes Yfik's Antique Weapon Emporium.
 35593 | Lair:6   | Killed Nessos
 35834 | D:13     | Offered knowledge of Lightning Bolt by Vehumet.
 36127 | D:13     | Reached skill level 10 in Spellcasting
 36149 | D:13     | Noticed Jorgrun
 36160 | D:13     | Killed Jorgrun
 36184 | D:13     | HP: 1/134 [orc knight/bolt (16)]
 38290 | D:14     | Reached skill level 14 in Stealth
 38315 | D:14     | Reached XP level 16. HP: 52/142 MP: 30/30
 38630 | D:14     | Offered knowledge of Conjure Ball Lightning by Vehumet.
 38823 | D:14     | Noticed Azrael
 38828 | D:14     | Killed Azrael
 39347 | D:14     | Found a gate to the Vaults.
 39543 | D:15     | Entered Level 15 of the Dungeon
 40481 | D:15     | Noticed Roxanne
 40694 | D:15     | Killed Roxanne
 40935 | D:15     | Noticed Agnes
 40945 | D:15     | Killed Agnes
 41152 | D:15     | Found a staircase to the Depths.
 41466 | Spider:1 | Entered Level 1 of the Spider Nest
 41480 | Spider:1 | Offered knowledge of Lee's Rapid Deconstruction by Vehumet.
 41538 | Spider:1 | Noticed Nikola
 41625 | Spider:1 | Reached skill level 15 in Stealth
 42281 | Spider:1 | Killed Nikola
 42655 | Spider:1 | Offered knowledge of Ignition by Vehumet.
 42660 | Spider:1 | Noticed Aizul
 43020 | Spider:1 | Killed Aizul
 43547 | Spider:2 | Noticed Frances
 43647 | Spider:2 | Noticed Louise
 43676 | Spider:1 | Killed Louise
 43676 | Spider:1 | Reached XP level 17. HP: 96/152 MP: 24/33
 43872 | Spider:2 | Noticed Kirke
 44596 | Spider:1 | Reached skill level 10 in Poison Magic
 45681 | Spider:1 | Reached skill level 10 in Fighting
 45848 | Spider:1 | Killed Kirke
 45859 | Spider:1 | Offered knowledge of Lehudib's Crystal Spear by Vehumet.
 45859 | Spider:1 | Offered knowledge of Chain Lightning by Vehumet.
 45859 | Spider:1 | Offered knowledge of Tornado by Vehumet.
 46674 | Spider:1 | Killed Frances
 46674 | Spider:1 | Reached skill level 16 in Stealth
 47785 | Spider:3 | Found a transporter.
 48330 | Spider:3 | Noticed Mara
 48355 | Spider:3 | Noticed Arachne
 48388 | Spider:3 | Killed Arachne
 48990 | Spider:3 | Killed Mara
 49625 | Spider:3 | Found a transporter.
 49629 | Spider:3 | Noticed Oxemneri's ghost (adept OgTm)
 50186 | Spider:4 | Entered Level 4 of the Spider Nest
 50948 | Elf:1    | Entered Level 1 of the Elven Halls
 51448 | Elf:1    | Reached XP level 18. HP: 98/163 MP: 28/35
 52842 | Elf:2    | Found Hoxker's Book Boutique.
 52845 | Elf:2    | Bought a manual of Fighting for 1876 gold pieces
 53107 | Elf:2    | Found a runed translucent gate.
 53107 | Elf:2    | Found a runed translucent gate.
 53107 | Elf:2    | Found a runed translucent gate.
 53114 | Elf:2    | Found an opulent altar of Gozag.
 53117 | Elf:2    | Noticed Qiokh's ghost (veteran MiBe)
 53119 | Elf:2    | Found Leedghed's Assorted Antiques.
 53503 | Elf:2    | Found a runed translucent door.
 53525 | Elf:2    | Found a runed translucent door.
 54168 | Elf:2    | Noticed a deep elf blademaster
 54962 | Shoals:1 | Entered Level 1 of the Shoals
 54995 | Shoals:1 | Reached skill level 17 in Stealth
 55113 | Shoals:1 | Killed from afar by a water nymph

Illustrated notes

Levels and vault maps discovered:
D:1:      lemuel_arrival_cross, layout_rooms
D:2:      layout_basic, kennysheep_generic_room_4
D:3:      layout_basic, uniq_ijyb
D:4:      layout_rooms, kennysheep_mini, evilmike_ruin_ashenzari
D:5:      layout_loops_ring, nicolae_tso_carved_into_rock,
          trog_three_pillars_becter
D:6:      layout_loops_cross, lemuel_coloured_pillars_altar,
          kennysheep_vampire_church, basic_altar, uniq_duvessa, uniq_grinder
D:7:      layout_rooms, nicolae_dithmenos_the_darkroom,
          minmay_temple_entry_antechambers, ebering_ghost_xom,
          grunt_gozag_breadcrumbs, uniq_pikel, uniq_joseph, uniq_maggie,
          uniq_crazy_yiuf_cottage
D:8:      layout_basic, lemuel_crystal_altar
D:9:      kennysheep_ambush_hall, layout_loops_corners,
          nicolae_overflow_crystal_walls, marbit_many_paths, chequers_arboretum,
          minmay_radiant
D:10:     layout_stronghold
D:11:     layout_loops_ring, uniq_sonja
D:12:     layout_long_grid, minmay_orc_entry_temple_small
D:13:     minmay_connected_boxes_in_corner, layout_cave_pools, serial_shops,
          nicolae_shop_crystal, hangedman_incinerator, uniq_jorgrun
D:14:     layout_cave_pools, lightli_vaults_fourway_checkpoint, uniq_azrael
D:15:     grunt_enter_depths_magical_seal, layout_cave_pools, amethyst_killhole,
          uniq_agnes, uniq_roxanne
Temple:   cyrus_circular_temple
Lair:1:   layout_regular_city, chequers_serial_rivers_micro_e,
          serial_bayou_pond_c
Lair:2:   layout_layer_cave, fungi_pond_lemuel, chequers_serial_rivers_small_b,
          uniq_fannar
Lair:3:   layout_cave_pods, minmay_shoals_entry_centaurs,
          spider_nest_entry_web_field, nicolae_volcano_entry_lava_flow,
          special_room [special_room_bee], grunt_megastairs_5,
          lemuel_fruit_tree, serial_bayou_shore_b, infiniplex_staircase_pool_2,
          uniq_snorg
Lair:4:   minmay_lair_venomous_thicket, layout_regular_city, uniq_urug
Lair:5:   layout_loops_ring, minivault_11
Lair:6:   cheibrodos_lair_end_hotspot, layout_cave_pods, slime_altar_1,
          uniq_nessos
Shoals:1: layout_shoals, nicolae_shoals_water_shrine, uniq_donald
Spider:1: layout_spider_delve, drop_trap, uniq_nikola, uniq_aizul
Spider:2: layout_spider_delve, uniq_louise, uniq_frances, uniq_kirke
Spider:3: layout_chambers, gammafunk_ghost_berserking_beasts, uniq_mara,
          uniq_arachne
Spider:4: grunt_spider_rune_circles
Orc:1:    layout_caves, uniq_erolcha
Orc:2:    grunt_orc_community_town_hall, layout_diamond_mine,
          grunt_orc_community_big_house_2, grunt_orc_community_big_house_1,
          grunt_orc_community_house_2, grunt_orc_community_house_1,
          grunt_orc_community_house_2, grunt_orc_community_house_2,
          grunt_orc_community_house_3, uniq_rupert
Elf:1:    eino_elf_arrival_customs, layout_loops_cross,
          hangedman_corner_corridor
Elf:2:    layout_geoelf_diagonals, ebering_ghost_gozag, serial_shops, shop

Skill      XL: |  1  2  3  4  5  6  7  8  9 10 11 12 13 14 15 16 17 18 |
---------------+-------------------------------------------------------+-----
Spellcasting   | 4 5 6 7 8 9 10 12 13 | 13.8
Stealth        | 4 5 6 8 9 10 12 14 15 16 17 | 17.0
Poison Magic   | 1 2 3 4 6 7 8 9 10 | 10.4
Conjurations   | 2 3 4 5 6 7 8 |  8.7
Dodging        | 2 3 4 5 6 7 8 9 |  9.0
Fighting       | 1 2 4 5 7 8 9 10 11 | 11.3
Armour         | 1 2 3 4 |  4.0
Air Magic      | 1 2 3 5 6 7 8 |  8.3
Long Blades    | 1 4 6 8 10 12 13 14 | 14.0
Translocations | 2 3 4 |  4.2
Shields        | 1 4 5 6 7 |  7.1
Fire Magic     | 1 |  1.9
Hexes          | |  0.1
Summonings     | |  1.0
Earth Magic    | |  0.8
Evocations     | |  0.9

Action                   |  1- 3 |  4- 6 |  7- 9 | 10-12 | 13-15 | 16-18 || total
-------------------------+-------+-------+-------+-------+-------+-------++-------
Melee: Dagger            |    18 |   181 |   144 |       |       |       ||   343
       Long sword        |       |       |    95 |       |       |       ||    95
       Scimitar          |       |       |    21 |   479 |       |       ||   500
       Demon blade       |       |       |       |   152 |  1334 |  1006 ||  2492
       Constrict         |       |       |       |       |   259 |   226 ||   485
 Cast: Magic Dart        |    62 |    91 |   124 |   197 |    42 |    25 ||   541
       Mephitic Cloud    |       |    12 |    31 |    54 |    91 |   106 ||   294
       Blink             |       |     6 |     5 |    15 |    28 |    17 ||    71
       Conjure Flame     |       |     1 |       |    17 |    12 |     4 ||    34
       Dazzling Flash    |       |       |       |     1 |       |     3 ||     4
       Bolt of Magma     |       |       |       |       |    13 |     3 ||    16
       Airstrike         |       |       |       |       |    97 |    67 ||   164
 Abil: Spit Poison       |    14 |    27 |    49 |    46 |    19 |     3 ||   158
Evoke: Wand              |       |       |     4 |    14 |     5 |     5 ||    28
  Use: Scroll            |       |     4 |     1 |    20 |    12 |     4 ||    41
       Potion            |       |     1 |     2 |     1 |     2 |    10 ||    16
 Stab: Sleeping          |     2 |       |     3 |    11 |    36 |    17 ||    69
       Confused          |       |     9 |    11 |    47 |    64 |    77 ||   208
       Distracted        |       |       |       |       |     1 |       ||     1
       Invisible         |       |       |       |       |       |     2 ||     2
Armor: Robe              |     5 |    26 |       |       |       |       ||    31
       Ring mail         |       |    41 |   141 |       |       |       ||   182
       Leather armour    |       |     1 |       |       |       |       ||     1
       Steam dragon scal |       |       |     4 |   242 |   338 |   404 ||   988
Dodge: Dodged            |    11 |    93 |   163 |   359 |   525 |   539 ||  1690
Block: Buckler           |       |       |       |    80 |   220 |   224 ||   524
       Rpst.: Long sword |       |       |    12 |       |       |       ||    12
       Scimitar          |       |       |     4 |    73 |       |       ||    77
       Demon blade       |       |       |       |    26 |   135 |   132 ||   293

Table legend: (Time is in decaauts)
 A = Elapsed time spent in this place.
 B = Non-inter-level travel time spent in this place.
 C = Inter-level travel time spent in this place.
 D = Time resting spent in this place.
 E = Time spent auto-exploring this place.
 F = Levels seen in this place.
 G = Mean time per level.
                   A        B        C        D        E       F      G
               +--------+--------+--------+--------+--------+-----+--------+
         Total |  62978 |  59337 |   3641 |  13804 |  34377 |  32 | 1968.1 |
       Dungeon |  30125 |  28162 |   1963 |   4453 |  18208 |  15 | 2008.3 |
        Temple |     69 |     54 |     15 |      0 |     49 |   1 |   69.0 |
          Lair |  14312 |  13190 |   1122 |   1940 |   8942 |   6 | 2385.3 |
        Shoals |    191 |    191 |      0 |      0 |    143 |   1 |  191.0 |
   Spider Nest |  10142 |   9984 |    158 |   4996 |   3211 |   4 | 2535.5 |
  Orcish Mines |   3104 |   2925 |    179 |    103 |   2160 |   2 | 1552.0 |
   Elven Halls |   4275 |   4073 |    202 |   1872 |   1662 |   2 | 2137.5 |
       Volcano |    756 |    756 |      0 |    439 |      0 |   1 |  756.0 |
               +--------+--------+--------+--------+--------+-----+--------+

Top non-repeatable levels by time:
Spider:1: 6198 daAuts
  Lair:6: 4066 daAuts
Spider:3: 3207 daAuts
     D:9: 2913 daAuts
     D:3: 2902 daAuts
    D:12: 2833 daAuts
    D:13: 2610 daAuts
  Lair:3: 2401 daAuts
    D:14: 2275 daAuts
    D:10: 2218 daAuts
   Elf:1: 2199 daAuts
   Orc:2: 2135 daAuts
  Lair:2: 2124 daAuts
   Elf:2: 2075 daAuts
  Lair:4: 2039 daAuts
